 Dungeon Crawl Stone Soup version 0.31-a0-133-gaae73658be (webtiles) character file.

Game seed: 11854061421364739343

17735 IdlyInterested the Warrior (level 12, -10/111 HPs)
             Began as a Demonspawn Wanderer on June 1, 2023.
             Was a Priest of Wu Jian.
             Mangled by Rupert
             ... wielding a +0 great mace of holy wrath
              (49 damage)
             ... on level 12 of the Dungeon on June 2, 2023.
             The game lasted 00:46:22 (12783 turns).

IdlyInterested the Warrior (Demonspawn Wanderer)   Turns: 12783, Time: 00:46:23

Health: -10/111    AC: 14    Str: 16    XL:     12   Next: 21%
Magic:  13/13      EV: 12    Int: 15    God:    Wu Jian [***...]
Gold:   120        SH:  0    Dex: 13    Spells: 13/13 levels left

rFire   + . .        r - +5 falchion (freeze)
rCold   . . .        (no shield)
rNeg    . . .        m - +3 chain mail "Omoshris" {rElec rF+ Slay+2}
rPois   .            (helmet restricted)
rElec   +            T - +0 cloak
rCorr   .            (no gloves)
SInv    .            (boots unavailable)
Will    +....        (no amulet) Stlth
                     P - ring of willpower
HPRegen 0.38/turn    N - +5 ring of evasion
MPRegen 0.13/turn

%: no passive effects
@: no status effects
A: antennae 1, hooves 3, demonic guardian 1, foul stench 1, demonic touch 2
a: Renounce Religion, Wall Jump, Serpent's Lash


You were on level 12 of the Dungeon.
You worshipped Wu Jian.
Wu Jian was most pleased with you.
You visited 2 branches of the dungeon, and saw 13 of its levels.
You also visited: Sewer and Bailey.

You collected 781 gold pieces.
You spent 661 gold pieces at shops.

Inventory:

Hand Weapons
 a - a +3 falchion
 p - a +0 long sword
 r - a +5 falchion of freezing (weapon)
 B - a +0 long sword
 H - the +4 dagger of Geding {heavy, rElec rN+ Int+4 Dex-4}
   (You found it on level 4 of the Dungeon)

   Int:       It affects your intelligence (+4).
   Dex:       It affects your dexterity (-4).
   rElec:     It insulates you from electricity.
   rN:        It protects you from negative energy.
 O - a +0 spectral long sword
 R - a +0 long sword
 W - a +0 long sword
Missiles
 d - 5 curare-tipped darts
 e - 26 poisoned darts
 j - 99 stones (quivered)
 C - 5 atropa-tipped darts
 K - 2 throwing nets
 M - 4 boomerangs
Armour
 g - a +2 leather armour of positive energy
 m - the +3 chain mail "Omoshris" (worn) {rElec rF+ Slay+2}
   (You found it on level 2 of the Dungeon)

   Slay:      It affects your accuracy & damage with ranged weapons and melee
   (+2).
   rF:        It protects you from fire.
   rElec:     It insulates you from electricity.
 T - a +0 cloak (worn)
 U - a +0 plate armour of cold resistance
Jewellery
 i - a ring of see invisible
 t - a ring of protection from cold
 A - a ring of flight
 E - a ring of resist corrosion
 G - a ring of fire
 J - a ring of magical power
 N - a +5 ring of evasion (right hand)
 P - a ring of willpower (left hand)
Wands
 n - a wand of roots (14)
 o - a wand of charming (22)
 w - a wand of polymorph (4)
Scrolls
 b - a scroll of immolation
 h - 7 scrolls of teleportation
 q - 5 scrolls of identify
 s - a scroll of fog
 v - 3 scrolls of fear
 y - a scroll of brand weapon
 S - 2 scrolls of torment
 V - a scroll of poison
 Y - a scroll of vulnerability
Potions
 c - 5 potions of brilliance
 f - a potion of haste
 k - 2 potions of heal wounds
 l - 2 potions of invisibility
 u - 5 potions of mutation
 x - a potion of attraction
 D - 2 potions of might
 F - a potion of enlightenment
 I - 2 potions of lignification
 L - 2 potions of cancellation
 Q - 4 potions of curing
 X - a potion of magic {unknown}
Miscellaneous
 z - a piece from Xom's chessboard (15/15)


   Skills:
 * Level 15.8 Fighting
 + Level 11.1 Long Blades
 - Level 1.0 Throwing
 - Level 5.0 Armour
 - Level 1.0 Dodging
 - Level 1.0 Stealth
 - Level 1.0 Spellcasting
 - Level 1.0 Hexes
 - Level 1.0 Evocations


You had 13 spell levels left.
You didn't know any spells.
Your spell library contained the following spells:

 Spells                   Type           Power      Damage    Failure   Level
 Slow                     Hex            12%        N/A       86%         1
 Kiss of Death            Conj/Necr      0%         2d5       95%         1
 Sandblast                Erth           0%         2d4       95%         1
 Ensorcelled Hibernation  Hex/Ice        4%         N/A       97%         2
 Passwall                 Tmut/Erth      0%         N/A       98%         2
 Sublimation of Blood     Necr           0%         N/A       98%         2
 Wereblood                Tmut           0%         N/A       98%         2
 Inner Flame              Hex/Fire       2%         N/A       99%         3
 Call Canine Familiar     Summ           0%         N/A       100%        3
 Stone Arrow              Conj/Erth      0%         3d7       100%        3
 Swiftness                Air            0%         N/A       100%        3
 Blade Hands              Tmut           0%         N/A       100%        5
 Irradiate                Conj/Tmut      0%         3d11      100%        5
 Dragon Form              Tmut           0%         N/A       100%        7
 Summon Hydra             Summ           0%         N/A       100%        7


Dungeon Overview and Level Annotations

Branches:
Dungeon (12/15)            Temple (1/1) D:6            Lair (0/5) D:10
    Orc (0/2) D:10          Sewer (visited)          Bailey (visited)

Altars:
Ashenzari
Cheibriados
Dithmenos
Fedhas
Gozag
Hepliaklqana
Kikubaaqudgha
Makhleb
Nemelex Xobeh
Okawaru
Qazlal
Ru
Sif Muna
Trog
Uskayaw
Vehumet
Wu Jian
Xom
Yredelemnul

Shops:
D:4 :**[   D:5 **   D:12 *

Annotations:
D:12 Rupert


Innate Abilities, Weirdness & Mutations

You have a pair of small antennae on your head.
You have hooves in place of feet.
A weak demonic guardian rushes to your aid.
You may rarely emit foul miasma when damaged in melee.
Your touch may inflict irresistible damage on your foes.


Message History

A slime creature comes into view. x2
A slime creature comes into view.
Rupert roars madly and goes into a rage!
Rupert goes berserk!
There is a stone staircase leading down here.
The slime creature quivers.
You see here a scroll of vulnerability.
Y - a scroll of vulnerability Rupert hits you with a +0 great mace of holy wrath.
You convulse.
A demonic guardian appears!
A gargoyle comes into view. It is wielding a +1 mace of protection.
A slime creature comes into view.
The slime creature quivers.
Rupert hits you but does no damage.
You slash Rupert! You freeze Rupert. Your kick misses Rupert.
Rupert is lightly wounded.
Your iron imp hits Rupert!
Rupert hits your iron imp with a +0 great mace of holy wrath!!
Your iron imp dies!
Your iron imp disappears in a puff of smoke!
Rupert shouts!
You hit Rupert. You freeze Rupert.
Rupert is lightly wounded.
Rupert hits you with a +0 great mace of holy wrath!
You convulse!
You slash Rupert! You freeze Rupert.
You touch Rupert!
Rupert is moderately wounded.
Rupert hits you with a +0 great mace of holy wrath!
You convulse!
Two slime creatures merge to form a large slime creature.
Two slime creatures merge to form a very large slime creature.
You slash Rupert! Your kick misses Rupert.
Rupert is moderately wounded.
Rupert barely misses you.
Two slime creatures merge to form an enormous slime creature.
Unknown command.
You feel much better.
Rupert hits you with a +0 great mace of holy wrath!!
A demonic guardian appears!
You convulse!!!
You die...

. ##.# #######.....#
#.###.######......####.#
#..............#.# #
###.#######.##.#.# ..#
####.# #.#.###...#
.....#### #..>..J....
...∩....# ##DJ..JJ.J$
........# #@#J.....9
######..### # #@####...#
#.......# .# #.# ...#
#.......##.###5# ..#
#.......#....... ##
#.>.......#.##.#
#...^...# .##.#
###.......###.##.#
.............[...#
#####.#..####.####


You could see Rupert (berserk, ally target), an enormous slime creature, an acid
dragon and a friendly ufetubus (summoned).

Vanquished Creatures
  Josephine (D:11)
  2 vault guards (Bailey)
  2 two-headed ogres
  Amaemon (D:8)
  An ugly thing (D:11)
  A cyclops (D:12)
  Maurice (D:10)
  The ghost of hgbash the Digger, a novice GrEE (D:5)
  The ghost of porpoise the Chopper, a novice HOFi (D:5)
  An orange demon (D:8)
  A komodo dragon (D:10)
  An unseen horror (D:11)
  Psyche (D:11)
  Prince Ribbit (Bailey)
  A polar bear (D:8)
  5 trolls
  A ynoxinul (D:9)
  3 spriggans (D:8)
  Sigmund (D:4)
  5 wraiths
  A culicivora (shapeshifter) (D:11)
  3 wyverns
  8 yaks
  5 humans
  4 steam dragons
  2 vampire mosquitoes (D:11)
  Menkaure (D:6)
  A water moccasin (D:8)
  4 orc warriors
  2 ice beasts (D:6)
  A black bear (D:6)
  2 phantoms
  5 centaurs
  5 kobold brigands
  3 necrophages (D:4)
  13 bullfrogs
  A gnoll sergeant (D:8)
  8 wights (D:8)
  8 killer bees
  3 howler monkeys
  3 hounds
  2 jellies (D:6)
  2 sleepcaps
  A gnoll bouda (D:7)
  An orc priest (D:9)
  A human skeleton (D:4)
  5 iguanas
  2 scorpion zombies (D:4)
  8 orc wizards
  17 gnolls
  5 adders
  A white imp (D:7)
  An ufetubus (D:6)
  An adder zombie (D:4)
  4 worms
  A dart slug (D:4)
  26 orcs
  3 endoplasms
  5 giant cockroaches
  9 goblins
  6 hobgoblins
  9 jackals
  20 kobolds
  A quokka (D:4)
  10 ball pythons
  4 bats
  8 frilled lizards
  A goblin skeleton (D:4)
  12 rats
  A butterfly (D:4)
282 creatures vanquished.

Vanquished Creatures (collateral kills)
  The ghost of SkeletonJelly the Spear-Bearer, a novice DsRe of Kikubaaqudgha (D:8)
  Eustachio (D:4)
  8 kobolds
10 creatures vanquished.

Vanquished Creatures (others)
  A kobold brigand (Sewer)
  An orc wizard (D:11)
  A spectral weapon (D:8)
3 creatures vanquished.

Grand Total: 295 creatures vanquished

Notes
Turn   | Place    | Note
-------+----------+-------------------------------------------
     0 | D:1      | IdlyInterested the Demonspawn Wanderer began the quest for
                  | the Orb.
     0 | D:1      | IdlyInterested set off with the following items: a +2
                  | falchion, a +0 ring mail, a potion of brilliance; and the
                  | following spell memorised: Slow; and the following spells
                  | available to memorise: Inner Flame.
     0 | D:1      | Reached XP level 1. HP: 15/15 MP: 2/2
   141 | D:1      | Found a faded altar of an unknown god.
   150 | D:1      | Got Plato's Annotations on Confrontation
   270 | D:1      | Discovered your monstrous ancestry.
   270 | D:1      | Gained mutation: You have a pair of small antennae on your
                  | head. [demonic ancestry]
   270 | D:1      | Reached XP level 2. HP: 22/22 MP: 3/3
   380 | D:1      | Reached skill level 2 in Fighting
   928 | D:2      | Reached skill level 1 in Dodging
   982 | D:2      | Reached XP level 3. HP: 28/28 MP: 4/4
  1028 | D:2      | Identified the +3 chain mail "Omoshris" {rElec rF+ Slay+2}
  1298 | D:2      | Reached skill level 3 in Fighting
  1364 | D:2      | Reached skill level 1 in Throwing
  1364 | D:2      | Gained mutation: Your touch may inflict minor irresistible
                  | damage on your foes. [demonic ancestry]
  1364 | D:2      | Reached XP level 4. HP: 35/35 MP: 5/5
  1729 | D:3      | Found a broken altar of Ashenzari.
  1892 | D:3      | Found an ancient bone altar of Kikubaaqudgha.
  1994 | D:3      | You fall into a shaft and drop 3 floors!
  2019 | D:6      | Reached skill level 4 in Fighting
  2019 | D:6      | Reached skill level 1 in Evocations
  2084 | D:6      | Noticed Menkaure
  2090 | D:6      | Killed Menkaure
  2091 | D:6      | Reached skill level 5 in Fighting
  2091 | D:6      | Reached skill level 1 in Stealth
  2091 | D:6      | Gained mutation: You have large cloven feet. [demonic
                  | ancestry]
  2091 | D:6      | Reached XP level 5. HP: 37/44 MP: 6/6
  2094 | D:5      | Entered Level 5 of the Dungeon
  2095 | D:5      | Found Cuyjoxur's Specific Store.
  2210 | D:5      | Reached XP level 6. HP: 51/51 MP: 7/7
  2280 | D:5      | Found a runed translucent gate.
  2280 | D:5      | Found a runed translucent gate.
  2280 | D:5      | Found a runed translucent gate.
  2280 | D:5      | Noticed hgbash's ghost (novice GrEE)
  2281 | D:5      | Noticed porpoise's ghost (novice HOFi)
  2367 | D:5      | Found Veacynka's General Store.
  2414 | D:5      | Found a glowing drain.
  2419 | Sewer    | Entered a sewer
  2616 | Sewer    | Reached skill level 6 in Fighting
  2616 | Sewer    | Reached skill level 5 in Long Blades
  2625 | Sewer    | Gained mutation: A weak demonic guardian rushes to your
                  | aid. [demonic ancestry]
  2625 | Sewer    | Reached XP level 7. HP: 29/59 MP: 8/8
  3130 | D:4      | Found a stormy altar of Qazlal.
  3133 | D:4      | Found Foicipi's Book Shop.
  3163 | D:4      | Found a shimmering altar of Xom.
  3184 | D:4      | Found a runed translucent door.
  3184 | D:4      | Noticed a human
  3321 | D:4      | Found a blossoming altar of Fedhas.
  3389 | D:4      | Reached skill level 7 in Fighting
  3418 | D:4      | Noticed Eustachio
  3419 | D:4      | Found Rinum's Assorted Antiques.
  3441 | D:4      | Killed Eustachio
  3442 | D:4      | Gained mutation: You may rarely emit foul miasma when
                  | damaged in melee. [demonic ancestry]
  3442 | D:4      | Reached XP level 8. HP: 65/67 MP: 9/9
  3452 | D:4      | Bought a scroll labelled RODOAPS JEHI for 18 gold pieces
  3452 | D:4      | Bought a coppery potion for 16 gold pieces
  3452 | D:4      | Bought a scroll labelled NAALLY OMMUL for 18 gold pieces
  3452 | D:4      | Bought 2 emerald potions for 32 gold pieces
  3495 | D:4      | Found Wusmoud's General Store.
  3528 | D:4      | Found Ideim's Armour Shoppe.
  3617 | D:4      | Noticed Sigmund
  3626 | D:4      | Killed Sigmund
  3762 | D:4      | Identified the +4 dagger of Geding {heavy, rElec rN+ Int+4
                  | Dex-4}
  3881 | D:4      | Found a basalt altar of Yredelemnul.
  4350 | D:5      | Killed hgbash's ghost
  4351 | D:5      | Reached skill level 8 in Fighting
  4351 | D:5      | Reached skill level 5 in Armour
  4360 | D:5      | Killed porpoise's ghost
  4361 | D:5      | Gained mutation: Your touch may inflict irresistible damage
                  | on your foes. [demonic ancestry]
  4361 | D:5      | Reached XP level 9. HP: 34/75 MP: 10/10
  4547 | D:6      | Reached skill level 9 in Fighting
  4592 | D:6      | Found a staircase to the Ecumenical Temple.
  4829 | Temple   | Entered the Ecumenical Temple
  4829 | Temple   | Found a transporter.
  4829 | Temple   | Found a transporter.
  4831 | Temple   | Found a transporter.
  4831 | Temple   | Found a transporter.
  4889 | Temple   | Became a worshipper of the Wu Jian Council
  5091 | D:6      | Found a faded altar of an unknown god.
  5096 | D:6      | Found a hazy altar of Hepliaklqana.
  5263 | D:7      | Found a flagged portal.
  5273 | Bailey   | Entered a bailey
  5286 | Bailey   | Reached skill level 10 in Fighting
  5376 | Bailey   | Reached skill level 11 in Fighting
  5581 | Bailey   | Noticed Prince Ribbit
  5581 | Bailey   | Noticed a vault guard
  5590 | Bailey   | Killed Prince Ribbit
  5591 | Bailey   | Gained mutation: You have hoof-like feet. [demonic
                  | ancestry]
  5591 | Bailey   | Reached XP level 10. HP: 47/87 MP: 11/11
  5595 | Bailey   | Killed a vault guard
  5831 | Bailey   | Noticed a vault guard
  5849 | Bailey   | Killed a vault guard
  6044 | Bailey   | Reached skill level 12 in Fighting
  6057 | Bailey   | Reached * piety under Wu Jian
  7123 | D:4      | Bought a dyed leather armour for 90 gold pieces
  7150 | D:4      | Bought a wand of charming (2) for 67 gold pieces
  7653 | D:8      | Reached ** piety under Wu Jian
  7755 | D:8      | Reached skill level 13 in Fighting
  7856 | D:8      | Noticed Amaemon
  7859 | D:8      | Noticed an orange demon
  7866 | D:8      | Killed Amaemon
  7871 | D:8      | Killed an orange demon
  7872 | D:8      | Gained mutation: You have hooves in place of feet. [demonic
                  | ancestry]
  7872 | D:8      | Reached XP level 11. HP: 26/98 MP: 12/12
  8319 | D:8      | Found a runed translucent door.
  8322 | D:8      | Identified the +0 trident of Nedos {speed, +Blink}
  8322 | D:8      | Noticed SkeletonJelly's ghost (novice DsRe)
  8995 | D:8      | Killed SkeletonJelly's ghost
  9243 | D:9      | Noticed a two-headed ogre
  9252 | D:9      | Killed a two-headed ogre
  9253 | D:9      | Reached skill level 14 in Fighting
  9253 | D:9      | Found a radiant altar of Vehumet.
  9646 | D:9      | Reached skill level 10 in Long Blades
  9666 | D:9      | Reached *** piety under Wu Jian
  9719 | D:9      | Upgraded the game from 0.31-a0-128-g25add195a6 to
                  | 0.31-a0-133-gaae73658be
  9941 | D:9      | Found a shimmering blue altar of Sif Muna.
  9955 | D:9      | Got Sif Muna's Grimoire of the Deathly Band
  9992 | D:9      | Found a bloodstained altar of Trog.
 10452 | D:10     | Entered Level 10 of the Dungeon
 10629 | D:10     | Noticed Maurice
 10637 | D:10     | Killed Maurice
 10649 | D:10     | Found a staircase to the Orcish Mines.
 10772 | D:10     | Found a staircase to the Lair.
 11073 | D:10     | Reached skill level 15 in Fighting
 11148 | D:10     | Found a hide-covered altar of Uskayaw.
 11324 | D:4      | Bought a +0 plate armour of cold resistance for 390 gold
                  | pieces
 11763 | D:11     | Noticed a two-headed ogre
 11770 | D:11     | Killed a two-headed ogre
 11801 | D:11     | Noticed Josephine
 11805 | D:11     | Reached XP level 12. HP: 94/110 MP: 13/13
 11812 | D:11     | Killed Josephine
 12253 | D:11     | Noticed Psyche
 12263 | D:11     | Killed Psyche
 12699 | D:12     | Found Kappyaje's Assorted Antiques.
 12706 | D:12     | Bought a purple potion for 30 gold pieces
 12772 | D:12     | Noticed Rupert
 12783 | D:12     | Mangled by Rupert

Illustrated notes

Levels and vault maps discovered:
D:1:      arrival_zaba_pyramid, layout_loops_ring,
          shapermc_ecumenical_altar_rom_forum, serial_bayou_pond_d
D:2:      layout_loops_ring, minmay_split_cup_small
D:3:      layout_rooms, nicolae_kikubaaqudgha_miasma_corner,
          cheibrodos_ashenzari_chains, minmay_misc_feat_x
D:4:      layout_basic, dk_yredelemnul_ordeal, xom_butterflies,
          fedhas_altar_decomposition, kennysheep_mini_moat, serial_shops, shop,
          nicolae_shop_peninsula, shop, shop, uniq_sigmund, uniq_eustachio
D:5:      layout_basic, gammafunk_ghost_cemetery, portal_sewer_entry_e,
          nicolae_specific_store, minmay_misc_feat_cross
D:6:      layout_rooms, beargit_hepliaklqana_dungeon_heroes,
          minmay_temple_entry_slanted, minmay_misc_feat_enclosed, uniq_menkaure
D:7:      layout_loops_ring, enter_bailey_6
D:8:      layout_basic, ebering_ghost_funeral_grove, grunt_decor_mini_mirrors,
          kennysheep_flooded_box, minmay_hedge_maze, uniq_amaemon
D:9:      layout_loops_corners, nzn_overflow_gifts_of_might_and_magic,
          zin_statuary, vehumet_crystals
D:10:     layout_long_grid, kennysheep_mini, tso_oasis_becter, lair_entry_dummy,
          orc_0_dummy, uniq_maurice
D:11:     layout_irregular_city, uniq_josephine, uniq_psyche
D:12:     layout_loops_ring, serial_shops, shop, shop, shop_coins,
          biasface_ghost_orc_armoury, minmay_strange_pillars, uniq_sonja,
          uniq_rupert
Temple:   hellmonk_temple_divided_pantheon

Skill      XL: |  1  2  3  4  5  6  7  8  9 10 11 12 |
---------------+-------------------------------------+-----
Armour         | 2 3 5 |  5.0
Fighting       | 2 3 5 6 7 8 11 13 15 | 15.8
Dodging        | 1 |  1.0
Throwing       | 1 |  1.0
Evocations     | 1 |  1.0
Stealth        | 1 |  1.0
Long Blades    | 5 6 8 9 10 11 | 11.1
Spellcasting   | |  1.0
Hexes          | |  1.0

Action                     |  1- 3 |  4- 6 |  7- 9 | 10-12 || total
---------------------------+-------+-------+-------+-------++-------
  Melee: Falchion          |    90 |   102 |   252 |   233 ||   677
         Touch             |       |    19 |    54 |    85 ||   158
         Kick              |       |     9 |    83 |   132 ||   224
         Punch             |       |       |     3 |     5 ||     8
         Long sword        |       |       |       |   161 ||   161
  Throw: Stone             |     1 |       |     4 |    30 ||    35
         Dart              |       |       |     1 |       ||     1
         Throwing net      |       |       |     1 |       ||     1
Ability: Lunge             |       |       |     2 |    51 ||    53
         Whirlwind         |       |       |       |    10 ||    10
  Evoke: Wand              |       |     1 |     3 |       ||     4
    Use: Scroll            |     2 |     4 |     3 |    10 ||    19
         Potion            |       |     1 |     2 |     8 ||    11
   Stab: Distracted        |       |       |     2 |     2 ||     4
 Armour: Ring mail         |    21 |       |       |       ||    21
         Chain mail        |    16 |    50 |   101 |   133 ||   300
  Dodge: Dodged            |    41 |    31 |    96 |   197 ||   365

Table legend: (Time is in decaauts)
 A = Elapsed time spent in this place.
 B = Non-inter-level travel time spent in this place.
 C = Inter-level travel time spent in this place.
 D = Time resting spent in this place.
 E = Time spent auto-exploring this place.
 F = Levels seen in this place.
 G = Mean time per level.
                   A        B        C        D        E       F      G
               +--------+--------+--------+--------+--------+-----+--------+
         Total |  12814 |  10830 |   1984 |   1110 |   6724 |  15 |  854.3 |
       Dungeon |  11588 |   9613 |   1975 |    747 |   6382 |  12 |  965.7 |
        Temple |     75 |     66 |      9 |      0 |      0 |   1 |   75.0 |
         Sewer |    348 |    348 |      0 |      0 |     91 |   1 |  348.0 |
        Bailey |    801 |    801 |      0 |    363 |    250 |   1 |  801.0 |
               +--------+--------+--------+--------+--------+-----+--------+

Top non-repeatable levels by time:
     D:8: 1994 daAuts
     D:9: 1325 daAuts
     D:4: 1249 daAuts
     D:7: 1237 daAuts
    D:11: 1124 daAuts
     D:2: 888 daAuts
     D:1: 849 daAuts
  Bailey: 801 daAuts
     D:5: 763 daAuts
    D:10: 749 daAuts
     D:6: 701 daAuts
     D:3: 583 daAuts
   Sewer: 348 daAuts
    D:12: 121 daAuts
  Temple: 75 daAuts
